 Dungeon Crawl Stone Soup version 0.31-a0-986-g5e6e4ef867 (webtiles) character file.

Game seed: 12641840909950851783

5011 CraigForest the Twirler (level 10, 0/102 HPs)
             Began as a Troll Fighter on Nov 22, 2023.
             Was an Initiate of Gozag.
             Slain by a wolf (1 damage)
             ... led by Grum
             ... on level 9 of the Dungeon.
             The game lasted 00:23:24 (6688 turns).

CraigForest the Twirler (Troll Fighter)             Turns: 6688, Time: 00:23:26

Health: 0/102      AC:  6    Str: 35    XL:     10   Next: 29%
Magic:  9/9        EV: 10    Int:  4    God:    Gozag
Gold:   1249       SH:  5    Dex:  6    Spells: 9/9 levels left

rFire   + . .        k - +10 quarterstaff of Valour {holy, Will+ Str+5 Dex-3}
rCold   + . .        (shield currently unavailable)
rNeg    . . .        a - +0 robe
rPois   .            f - +2 hat
rElec   .            (no cloak)
rCorr   .            (gloves unavailable)
SInv    .            (boots unavailable)
Will    +....        e - amulet of reflection
Stlth   ++           n - ring of protection from cold
HPRegen 1.17/turn    p - ring of protection from fire
MPRegen 0.11/turn

%: reflection
@: gold aura, studying 2 skills, invisible
A: large, unfitting armour, claws 3, regeneration 1, shaggy fur 1, tough skin 1
a: Renounce Religion, Potion Petition, Call Merchant, Bribe Branch


You were on level 9 of the Dungeon.
You worshipped Gozag.
Gozag was most pleased with you.
You visited 1 branch of the dungeon, and saw 9 of its levels.

You collected 1319 gold pieces.
You paid 70 gold pieces to Gozag.

Inventory:

Hand Weapons
 k - the +10 quarterstaff of Valour (weapon) {holy, Will+ Str+5 Dex-3}
   (You found it on level 4 of the Dungeon)

   Str+5:     It affects your strength (+5).
   Dex-3:     It affects your dexterity (-3).
   Will+:     It increases your willpower.
Armour
 a - a +0 robe (worn)
 b - a +0 kite shield
 f - a +2 hat (worn)
Jewellery
 e - an amulet of reflection (around neck)
 n - a ring of protection from cold (left claw)
 p - a ring of protection from fire (right claw)
Wands
 i - a wand of acid (11) (quivered)
 m - a wand of digging (1)
 q - a wand of flame (1)
Scrolls
 s - a scroll of brand weapon {unknown}
 u - a scroll of poison
Potions
 c - a potion of might
 d - 3 potions of lignification
 g - 4 potions of curing
 h - 3 potions of brilliance
 l - a potion of haste
 o - a potion of enlightenment
 r - a potion of invisibility
 t - a potion of berserk rage {unknown}
 v - 2 potions of degeneration {unknown}


   Skills:
 + Level 7.5 Fighting
 + Level 7.7 Staves
 + Level 6.2 Dodging
 + Level 2.4 Stealth
 - Level 5.0 Shields
 - Level 6.0 Unarmed Combat
 + Level 0.5 Evocations


You had 9 spell levels left.
You didn't know any spells.
Your spell library contained the following spells:

 Spells                   Type           Power      Damage    Failure   Level
 Freeze                   Ice            0%         1d3       50%         1
 Kiss of Death            Conj/Necr      0%         2d5       50%         1
 Confusing Touch          Hex            0%         N/A       86%         3
 Dazzling Flash           Conj/Hex       0%         N/A       86%         3
 Frozen Ramparts          Ice            0%         1d1       86%         3
 Gell's Gravitas          Tloc           0%         N/A       86%         3
 Hailstorm                Conj/Ice       0%         3d3       86%         3
 Inner Flame              Hex/Fire       0%         N/A       86%         3
 Ozocubu's Armour         Ice            0%         N/A       86%         3
 Summon Guardian Golem    Hex/Summ       0%         N/A       86%         3
 Teleport Other           Tloc           0%         N/A       86%         3
 Volatile Blastmotes      Fire/Tloc      0%         2d10      86%         3
 Dispel Undead            Necr           0%         3d6       99%         4
 Metabolic Englaciation   Hex/Ice        0%         N/A       100%        5
 Yara's Violent Unravell  Hex/Tmut       0%         3d3       100%        5
 Dispersal                Tloc           0%         N/A       100%        6
 Starburst                Conj/Fire      0%         6d3       100%        6
 Enfeeble                 Hex            0%         N/A       100%        7
 Orb of Destruction       Conj           0%         9d5       100%        7
 Spellforged Servitor     Conj/Summ      0%         N/A       100%        7
 Maxwell's Capacitive Co  Air            0%         ∞         100%        8
 Simulacrum               Ice/Necr       Unusable   N/A       N/A         6

Dungeon Overview and Level Annotations

Branches:
Dungeon (9/15)             Temple (0/1) D:6
   Lair: D:8-11         Orc: D:9-12

Altars:
Ashenzari
Elyvilon
Gozag
Kikubaaqudgha
Ru
Sif Muna
Uskayaw
Xom
Zin

Shops:
D:5 (   D:7 *

Annotations:
D:9 1 runed translucent door, GreenGuy14's ghost, novice DrMo


Innate Abilities, Weirdness & Mutations

You are too large for most types of armour.
You have claws for hands.
Your natural rate of healing is unusually fast.
You are covered in fur. (AC +1)
You have tough skin. (AC +1)


Message History

The wolf is moderately wounded.
The wolf barely misses you.
The wolf is distracted by your dazzling golden aura.
The wolf bites you. The wolf bites you but does no damage.
The wolf howls!
You thump the wolf!
The wolf is severely wounded.
You block the wolf's attack. The wolf bites you. You block the wolf's attack.
You barely miss the wolf.
The wolf is severely wounded.
The wolf is no longer distracted by gold.
The wolf closely misses you. The wolf bites you. x2
The wolf barely misses you.
You closely miss the wolf.
The wolf is severely wounded.
The wolf barely misses you. The wolf bites you! The wolf bites you.
* * * LOW HITPOINT WARNING * * *
The wolf closely misses you. The wolf barely misses you.
You completely miss the wolf.
The wolf is severely wounded.
The wolf bites you!
* * * LOW HITPOINT WARNING * * *
The wolf bites you but does no damage. The wolf bites you!
* * * LOW HITPOINT WARNING * * *
You block the wolf's attack. x2; The wolf closely misses you.
Okay, then.
You feel better. The wolf bites you.
* * * LOW HITPOINT WARNING * * *
The wolf bites you.
* * * LOW HITPOINT WARNING * * *
The wolf closely misses you. The wolf bites you!
* * * LOW HITPOINT WARNING * * *
You fade into invisibility!
The wolf bites you!
* * * LOW HITPOINT WARNING * * *
You block the wolf's attack. The wolf bites you.
* * * LOW HITPOINT WARNING * * *
The wolf bites you.
You die...
Your body crumbles into a pile of gold.

########### #####+####
#.......... #........#
#..........
#........####..........
#.....h..'..'.......<..
#....$@h.####..........
#....h...# ###⌠...⌠###
#........# ♣.###+###.♣
#........# ♣.♣♣.♣Wh!♣♣
#........# ♣♣ ♣.♣i..♣
######+### Pi!.♣♣♣
....♣P


You could see 3 wolves.

Vanquished Creatures
  A troll (D:8)
  Grinder (D:8)
  A shadow (D:8)
  A wyvern (D:8)
  Grum (D:9)
  A steam dragon (D:5)
  Menkaure (D:4)
  An acid dragon (D:9)
  2 water moccasins (D:7)
  4 orc warriors
  2 ice beasts
  2 sky beasts (D:7)
  2 black bears
  A centaur (D:6)
  3 ogres
  2 phantoms
  A gnoll sergeant (D:8)
  A kobold brigand (D:8)
  8 scorpions
  A bullfrog (D:6)
  A wyvern zombie (D:9)
  3 wights
  4 killer bees
  4 howler monkeys
  A centaur zombie (D:9)
  3 hounds
  3 jellies
  A gnoll bouda (D:4)
  An orc priest (D:9)
  A sleepcap (D:6)
  Ijyb (D:3)
  3 orc wizards
  Natasha (thrice) (D:3)
  6 iguanas
  12 gnolls
  8 adders
  A shadow imp (D:7)
  2 white imps (D:6)
  2 ufetubi (D:6)
  2 worms
  4 dart slugs
  23 orcs
  11 ball pythons
  4 bat zombies (D:9)
  3 endoplasms
  6 giant cockroaches
  10 goblins
  7 hobgoblins
  7 jackals
  8 kobolds
  3 quokkas
  4 bats
  2 frilled lizards
  4 rats
  A rat zombie (D:9)
196 creatures vanquished.

Notes
Turn   | Place    | Note
-------+----------+-------------------------------------------
     0 | D:1      | CraigForest the Troll Fighter began the quest for the Orb.
     0 | D:1      | Reached XP level 1. HP: 22/22 MP: 0/0
    87 | D:1      | Reached XP level 2. HP: 29/29 MP: 1/1
   554 | D:1      | Reached XP level 3. HP: 36/36 MP: 2/2
  1212 | D:2      | Identified a scroll of acquirement
  1212 | D:2      | Acquired a +2 hat
  1769 | D:3      | Found a faded altar of an unknown god.
  1818 | D:3      | Acquired a manual of Fighting
  1919 | D:3      | Noticed Natasha
  1922 | D:3      | Noticed an ice beast
  1928 | D:3      | Killed Natasha
  1929 | D:3      | Reached XP level 4. HP: 43/44 MP: 3/3
  1936 | D:3      | Killed an ice beast
  1937 | D:3      | Reached XP level 5. HP: 38/53 MP: 4/4
  1948 | D:3      | Noticed Ijyb
  1954 | D:3      | Killed Ijyb
  2111 | D:3      | Noticed Natasha
  2118 | D:3      | Killed Natasha
  2119 | D:3      | Reached XP level 6. HP: 61/61 MP: 5/5
  2186 | D:3      | Noticed Natasha
  2196 | D:3      | Killed Natasha
  2375 | D:4      | Reached skill level 5 in Unarmed Combat
  2397 | D:4      | Identified the +10 quarterstaff of Valour {holy, Will+
                  | Str+5 Dex-3}
  2508 | D:4      | Reached XP level 7. HP: 67/67 MP: 6/6
  2534 | D:4      | Found a broken altar of Ashenzari.
  2580 | D:4      | Found an opulent altar of Gozag.
  2586 | D:4      | Became a worshipper of Gozag Ym Sagoz the Greedy
  2620 | D:4      | Found a glowing silver altar of Zin.
  2749 | D:4      | Reached skill level 1 in Staves
  2966 | D:4      | Found a sacrificial altar of Ru.
  3071 | D:4      | Noticed Menkaure
  3104 | D:4      | Killed Menkaure
  3316 | D:4      | Found a white marble altar of Elyvilon.
  3418 | D:5      | Entered Level 5 of the Dungeon
  3424 | D:5      | Reached XP level 8. HP: 45/78 MP: 7/7
  3718 | D:5      | Found a shimmering blue altar of Sif Muna.
  3829 | D:5      | Found Miophuulu's Weapon Shoppe.
  4439 | D:6      | Noticed Grinder
  4508 | D:6      | Reached skill level 5 in Fighting
  4508 | D:6      | Reached skill level 5 in Staves
  4512 | D:6      | Reached skill level 5 in Shields
  4632 | D:6      | Reached XP level 9. HP: 83/88 MP: 8/8
  4820 | D:6      | Found a staircase to the Ecumenical Temple.
  5015 | D:7      | Reached skill level 5 in Dodging
  5071 | D:7      | Found a shimmering altar of Xom.
  5221 | D:7      | Found Sepose's Serpentskin Sales.
  5299 | D:7      | Reached skill level 1 in Stealth
  5668 | D:8      | Killed Grinder
  5820 | D:8      | Reached XP level 10. HP: 50/102 MP: 9/9
  6129 | D:8      | Found the +18 Lear's hauberk
  6254 | D:9      | Found a hide-covered altar of Uskayaw.
  6284 | D:9      | Identified the +6 hand axe of Vof Caru {protect, Will+++
                  | rCorr Int-2}
  6568 | D:9      | Found an ancient bone altar of Kikubaaqudgha.
  6652 | D:9      | Found a runed translucent door.
  6655 | D:9      | Noticed GreenGuy14's ghost (novice DrMo)
  6657 | D:9      | Identified the +0 trident of Doom {venom, Fragile Will+
                  | Str+3 SInv}
  6669 | D:9      | Noticed Grum
  6681 | D:9      | Killed Grum
  6688 | D:9      | HP: 4/102 [wolf[Grum] (7)]
  6688 | D:9      | HP: 1/102 [wolf[Grum] (3)]
  6688 | D:9      | Slain by a wolf

Illustrated notes

Levels and vault maps discovered:
D:1:      elethiomel_arrival_maze, layout_basic
D:2:      layout_basic
D:3:      layout_rooms, nicolae_ecumenical_oubliette, uniq_ijyb, uniq_natasha
D:4:      layout_rooms, pdpol_temple_overflow_zin_treasury_gozag_greed,
          cheibrodos_ashenzari_chains, mainiacjoe_overflow_paths,
          overflow_temple_1_default, serial_co_window_serial, co_window_paths_a,
          co_window_paths_b, co_window_of_opportunity_a,
          co_window_of_opportunity_a, co_window_corner_a, co_window_corner_a,
          co_window_paths_b, co_window_cross_3, co_window_of_opportunity_b,
          co_window_broadway_a, co_window_corner_b, co_window_corner_b,
          co_window_2corner, glass_columns_b, nrook_campfire,
          minmay_misc_feat_room, minmay_manual_mail, uniq_menkaure
D:5:      layout_basic, general_overflow_altar, serial_shops, shop,
          minmay_misc_feat_ornament
D:6:      layout_cave_pools, minmay_temple_entry_enclosed_plants, uniq_grinder
D:7:      layout_basic, overflow_temple_1_default, guppyfry_shop_venom
D:8:      layout_cave_pools, hellmonk_guarded_unrand_lears
D:9:      layout_roguey, nicolae_overflow_crystal_walls,
          kennysheep_okawaru_gauntlet, lemuel_zombie_altar_kikubaaqudgha,
          mainiacjoe_overflow_concentric_impassable, serial_undead,
          serial_undead_d, serial_undead_f, serial_undead_f, serial_undead_e,
          serial_undead_b, serial_undead_d, serial_undead_b,
          ebering_ghost_funeral_grove, uniq_grum, uniq_erolcha, uniq_psyche

Skill      XL: |  1  2  3  4  5  6  7  8  9 |
---------------+----------------------------+-----
Shields        | 3 4 5 |  5.0
Dodging        | 3 4 6 |  6.2
Unarmed Combat | 3 4 5 6 |  6.0
Fighting       | 3 5 7 |  7.5
Staves         | 2 5 7 |  7.7
Stealth        | 2 |  2.4
Evocations     | |  0.5

Action                     |  1- 3 |  4- 6 |  7- 9 | 10-12 || total
---------------------------+-------+-------+-------+-------++-------
  Melee: Unarmed           |   123 |    70 |       |       ||   193
         Quarterstaff      |       |    15 |   206 |    70 ||   291
  Evoke: Wand              |       |     4 |     2 |       ||     6
    Use: Scroll            |     6 |       |     8 |     2 ||    16
         Potion            |       |       |     2 |     4 ||     6
   Stab: Distracted        |     1 |       |     1 |     1 ||     3
 Armour: Robe              |    53 |    43 |   158 |   104 ||   358
  Dodge: Dodged            |    47 |    25 |   113 |    47 ||   232
  Block: Kite shield       |    47 |    24 |       |       ||    71
         Other             |       |     1 |    50 |    22 ||    73
         Reflection        |       |       |     4 |       ||     4

Table legend: (Time is in decaauts)
 A = Elapsed time spent in this place.
 B = Non-inter-level travel time spent in this place.
 C = Inter-level travel time spent in this place.
 D = Time resting spent in this place.
 E = Time spent auto-exploring this place.
 F = Levels seen in this place.
 G = Mean time per level.
                   A        B        C        D        E       F      G
               +--------+--------+--------+--------+--------+-----+--------+
         Total |   6720 |   6571 |    149 |      0 |   5204 |   9 |  746.7 |
       Dungeon |   6720 |   6571 |    149 |      0 |   5204 |   9 |  746.7 |
               +--------+--------+--------+--------+--------+-----+--------+

Top non-repeatable levels by time:
     D:1: 1108 daAuts
     D:4: 1074 daAuts
     D:5: 970 daAuts
     D:2: 709 daAuts
     D:7: 650 daAuts
     D:8: 608 daAuts
     D:6: 603 daAuts
     D:3: 552 daAuts
     D:9: 442 daAuts
